 Dungeon Crawl Stone Soup version 0.20.1-1-g8b1a95d (webtiles) character file.

159 Doomer the Skirmisher (level 5, -11/47 HPs)
             Began as a Minotaur Fighter on Dec 17, 2017.
             Mangled by othur's ghost (12 damage)
             ... on level 3 of the Dungeon.
             The game lasted 00:04:03 (1396 turns).

Doomer the Skirmisher (Minotaur Fighter)            Turns: 1396, Time: 00:04:04

Health: -11/47     AC:  7    Str: 21    XL:     5   Next: 17%
Magic:  4/4        EV:  7    Int:  5    God:
Gold:   118        SH:  9    Dex: 10    Spells: 4/4 levels left

rFire    . . .     SeeInvis .   a - +0 war axe
rCold    . . .     Gourm    .   c - +0 shield
rNeg     . . .     Faith    .   r - +0 scale mail (curse)
rPois    .         Spirit   .   i - +0 hat
rElec    .         Reflect  .   (no cloak)
rCorr    .         Harm     .   (no gloves)
MR       .....                  (no boots)
Stlth    ..........             (no amulet)
Regen    0.2/turn               s - ring of wizardry
MPRegen  0.1/turn               (no ring)

@: no status effects
A: retaliatory headbutt, horns 2
a: no special abilities


You were on level 3 of the Dungeon.
You were not hungry.

You visited 1 branch of the dungeon, and saw 3 of its levels.

You collected 118 gold pieces.

Inventory:

Hand Weapons
 a - a +0 war axe (weapon)
Armour
 b - a +0 scale mail
 c - a +0 shield (worn)
 i - a +0 hat (worn)
 r - a cursed +0 scale mail (worn)
Jewellery
 s - a ring of wizardry (left hand)
Scrolls
 g - 3 scrolls of remove curse {unknown}
 j - 4 scrolls of teleportation {unknown}
 m - a scroll of fear {unknown}
 p - a scroll of enchant weapon {unknown}
 q - 3 scrolls of identify {unknown}
 t - a scroll of amnesia {unknown}
Potions
 d - 2 potions of might
 e - a potion of heal wounds {unknown}
 h - 2 potions of flight {unknown}
 k - a potion of brilliance {unknown}
 n - 3 potions of cancellation {unknown}
 o - 2 potions of degeneration {unknown}
 u - a potion of lignification {unknown}
 v - a potion of haste {unknown}
Comestibles
 f - 6 bread rations
 l - 2 fruits
 w - a royal jelly


   Skills:
 + Level 4.8 Fighting
 + Level 3.9 Axes
 + Level 4.6 Armour
 + Level 4.6 Shields


You had 4 spell levels left.
You didn't know any spells.

Dungeon Overview and Level Annotations

Branches:
Dungeon (3/15)

Altars:

Annotations:
D:3 othur's ghost, amateur GrBe


Innate Abilities, Weirdness & Mutations

You reflexively headbutt those who attack you in melee.
You have a pair of horns on your head.


Message History

You hit othur's ghost. You headbutt othur's ghost.
Othur's ghost is almost destroyed.
Othur's ghost hits you.
* * * LOW HITPOINT WARNING * * *
Othur's ghost hits you but does no damage.
Your shield and scale mail prevent you from hitting othur's ghost.
Othur's ghost is almost destroyed.
Othur's ghost hits you but does no damage.
You closely miss othur's ghost. You headbutt othur's ghost.
Othur's ghost is almost destroyed.
You block othur's ghost's attack.
A quokka comes into view.
You miss othur's ghost.
Othur's ghost is almost destroyed.
Othur's ghost crushes a nearby insect and laughs.
Othur's ghost barely misses you. You furiously retaliate!
You headbutt othur's ghost, but do no damage.
Othur's ghost whispers, "Trust me.
Just give in."
Othur's ghost hits you!
You die...

#######
............# #
.........r.! .. #
...........# #..##
# ...../.....##.#
... ###
.............
..###.##..
...........#
..........
#...)W...# ##.##...
#.@...# ###......
#..#.## #.......#
##.#.######..#..###
#........... ##.#
##.#.###### #.##
#...### #..##
#)....####.# ##...
####.#......#######
#.......#.. ......


You could see othur's ghost and a quokka.

Vanquished Creatures
  Natasha (twice) (D:2)
  Robin (D:3)
  3 adders
  An ooze (D:3)
  An adder skeleton (D:3)
  A worm (D:3)
  2 leopard geckos
  6 orcs (D:3)
  A giant cockroach (D:2)
  12 goblins
  4 hobgoblins
  8 kobolds
  A ball python (D:3)
  4 bats
  4 frilled lizards
  7 rats
58 creatures vanquished.

Vanquished Creatures (others)
  A goblin (D:3)
1 creature vanquished.

Grand Total: 59 creatures vanquished

Notes
Turn   | Place    | Note
-------+----------+-------------------------------------------
     0 | D:1      | Doomer the Minotaur Fighter began the quest for the Orb.
     0 | D:1      | Reached XP level 1. HP: 19/19 MP: 0/0
   463 | D:1      | Reached XP level 2. HP: 27/27 MP: 1/1
   727 | D:2      | Noticed Natasha
   735 | D:2      | Killed Natasha
   735 | D:2      | Reached XP level 3. HP: 21/33 MP: 2/2
   780 | D:2      | Noticed Natasha
   785 | D:2      | Killed Natasha
   785 | D:2      | Reached XP level 4. HP: 28/40 MP: 3/3
  1286 | D:3      | Noticed Robin
  1292 | D:3      | Reached XP level 5. HP: 41/47 MP: 4/4
  1299 | D:3      | Killed Robin
  1379 | D:3      | Noticed othur's ghost (amateur GrBe)
  1392 | D:3      | HP: 2/47 [othur's ghost (9)]
  1396 | D:3      | Mangled by othur's ghost

Skill      XL: |  1  2  3 |
---------------+----------+-----
Fighting       | 4 |  4.8
Armour         | 4 |  4.6
Shields        | 4 |  4.6
Axes           | 3 |  3.9

Action                   |  1- 3 |  4- 6 || total
-------------------------+-------+-------++-------
Melee: War axe           |    44 |    79 ||   123
       Headbutt          |     6 |     9 ||    15
  Eat: Chunk             |       |     2 ||     2
Armor: Scale mail        |    24 |    25 ||    49
Dodge: Dodged            |    20 |    28 ||    48
Block: Shield            |    25 |    51 ||    76
